 Dungeon Crawl Stone Soup version 0.27.1-34-g3ba077fa99 (webtiles) character file.

Game seed: 5579587701164929586

2880 pkoi the Martial Artist (level 9, -7/74 HPs)
             Began as a Yellow Draconian Monk on Jan 3, 2022.
             Was an Initiate of Gozag.
             Blown up by an orc wizard (19 damage)
             ... with a mindburst bolt
             ... on level 7 of the Dungeon.
             The game lasted 00:09:20 (8008 turns).

pkoi the Martial Artist (Yellow Draconian Monk)     Turns: 8008, Time: 00:09:20

Health: -7/74      AC:  8    Str: 13    XL:     9   Next: 48%
Magic:  9/9        EV: 13    Int: 14    God:    Gozag
Gold:   618        SH:  0    Dex: 14    Spells: 8/8 levels left

rFire    . . .     SeeInvis .     - Unarmed
rCold    . . .     Faith    .   (no shield)
rNeg     . . .     Spirit   .   (armour unavailable)
rPois    +         Reflect  .   (helmet restricted)
rElec    .         Harm     .   h - +0 cloak
rCorr    +         Rampage  .   (no gloves)
Will     .....                  (no boots)
Stlth    ++........             (no amulet)
HPRegen  0.22/turn              c - ring of poison resistance
MPRegen  0.11/turn              f - +4 ring of slaying

@: gold aura
A: spit acid, AC +7, unfitting armour, cold-blooded, acid resistance
a: Breathe Acid, Renounce Religion, Potion Petition, Call Merchant, Bribe Branch


You were on level 7 of the Dungeon.
You worshipped Gozag.
Gozag was pleased with you.
You visited 2 branches of the dungeon, and saw 8 of its levels.

You collected 618 gold pieces.

Inventory:

Hand Weapons
 b - a +0 hand crossbow
 i - a +0 dagger
Missiles
 d - 45 poisoned darts (quivered)
 j - 31 bolts
 o - 4 boomerangs of dispersal
Armour
 h - a +0 cloak (worn)
Jewellery
 c - a ring of poison resistance (left hand)
 f - a +4 ring of slaying (right hand)
Wands
 n - a wand of digging (1)
Scrolls
 a - a scroll of blinking
 g - 4 scrolls of teleportation
Potions
 e - 2 potions of curing
 k - a potion of brilliance
 l - a potion of magic
 m - a potion of cancellation
 q - a potion of berserk rage
 s - a potion of flight {unknown}
 t - 2 potions of attraction {unknown}


   Skills:
 + Level 5.4 Fighting
 - Level 1.0 Throwing
 + Level 4.5 Dodging
 - Level 1.7 Stealth
 * Level 11.9 Unarmed Combat


You had 8 spell levels left.
You didn't know any spells.
Your spell library contained the following spells:

 Spells                   Type           Power      Damage    Failure   Level
 Ignite Poison            Fire/Tmut/Pois 0%         N/A       65%         3
 Mephitic Cloud           Conj/Pois/Air  0%         N/A       65%         3
 Bolt of Magma            Conj/Fire/Erth 0%         4d4       100%        5


Dungeon Overview and Level Annotations

Branches:
Dungeon (7/15)             Temple (1/1) D:5

Altars:
Ashenzari
Cheibriados
Elyvilon
Fedhas
Gozag
Hepliaklqana
Kikubaaqudgha
Makhleb
Nemelex Xobeh
Okawaru
Qazlal
Ru
Trog
Uskayaw
Vehumet
Wu Jian
Xom
Zin
The Shining One

Shops:
D:4 *

Annotations:
D:4 Grinder


Innate Abilities, Weirdness & Mutations

You can spit globs of acid.
Your golden yellow scales are hard. (AC +7)
You cannot fit into any form of body armour.
You are cold-blooded and may be slowed by cold attacks.
You are resistant to acid. (rCorr)


Message History

8 gold pieces; a +0 dagger; 23 stones The orc misses you.
You punch the orc!
You kill the orc!
No target in view!
You now have 615 gold pieces (gained 8).
Things that are here:
a +0 dagger; 23 stones You now have 618 gold pieces (gained 3).
d - 45 poisoned darts (gained 2)
You see here a +0 falchion.
An orc wizard is nearby!
The orc wizard shouts!
The orc wizard zaps a wand.
Your mind is blasted!
You are too injured to fight recklessly!
You are too injured to fight recklessly!
You are too injured to fight recklessly!
You are too injured to fight recklessly!
You are too injured to fight recklessly!
You are too injured to fight recklessly!
You are too injured to fight recklessly!
You are too injured to fight recklessly!
You are too injured to fight recklessly!
You are too injured to fight recklessly!
You are too injured to fight recklessly!
You are too injured to fight recklessly!
You are too injured to fight recklessly!
You are too injured to fight recklessly!
You are too injured to fight recklessly!
You are too injured to fight recklessly!
You are too injured to fight recklessly!
You are too injured to fight recklessly!
You are too injured to fight recklessly!
The orc wizard zaps a wand.
Your mind is blasted!
* * * LOW HITPOINT WARNING * * *
The orc wizard hits you but does no damage.
You punch the orc wizard! Your punch misses the orc wizard.
The orc wizard is almost dead.
The orc wizard zaps a wand.
Your mind is blasted!
You die...

#.....#....###
#.###.#....#
#.# #.#....#
#.# #.#....#
####.# .#....#
..#)# #.####
#.#.# #.#
###.#)###.#.#
#@........#.#
$#o#.#.#####
#.#.#...
#.#.#.#.#
#.#.#...#
#.#.### #
#.#.# #.#.#


You could see an orc wizard.

Vanquished Creatures
  A cyclops (D:7)
  2 vampire mosquitoes (D:7)
  2 water moccasins (D:5)
  2 sky beasts (D:7)
  2 ice beasts (D:6)
  3 ogres
  A centaur (D:7)
  A phantom (D:5)
  3 bullfrogs
  3 scorpions
  A water moccasin skeleton (D:4)
  6 killer bees (D:7)
  A bullfrog zombie (D:6)
  3 hounds
  2 centaur skeletons
  An orc priest (D:7)
  2 bullfrog skeletons
  2 iguanas
  2 orc wizards
  A hound skeleton (D:4)
  4 gnolls
  A howler monkey skeleton (D:6)
  6 adders
  A white imp (D:5)
  3 worms
  4 dart slugs
  14 orcs
  7 endoplasms
  3 giant cockroaches
  8 goblins
  4 hobgoblins
  12 jackals
  5 kobolds
  5 ball pythons
  7 bats
  3 frilled lizards
  A quokka skeleton (D:4)
  4 rats
133 creatures vanquished.

Vanquished Creatures (others)
  4 withered plants (D:6)
4 creatures vanquished.

Grand Total: 137 creatures vanquished

Notes
Turn   | Place    | Note
-------+----------+-------------------------------------------
     0 | D:1      | pkoi the Draconian Monk began the quest for the Orb.
     0 | D:1      | Reached XP level 1. HP: 19/19 MP: 1/1
   420 | D:1      | Reached XP level 2. HP: 26/26 MP: 2/2
   929 | D:2      | Reached skill level 1 in Throwing
  1052 | D:2      | Reached skill level 4 in Unarmed Combat
  1052 | D:2      | Reached XP level 3. HP: 31/31 MP: 3/3
  1056 | D:2      | Found a faded altar of an unknown god.
  1901 | D:3      | Reached XP level 4. HP: 16/38 MP: 4/4
  2543 | D:3      | Found a broken altar of Ashenzari.
  2623 | D:3      | Reached skill level 5 in Unarmed Combat
  2945 | D:3      | Reached XP level 5. HP: 43/45 MP: 5/5
  3337 | D:4      | Reached skill level 6 in Unarmed Combat
  3636 | D:4      | Noticed an ogre
  3658 | D:4      | Killed an ogre
  3659 | D:4      | Reached skill level 7 in Unarmed Combat
  3659 | D:4      | Reached XP level 6. HP: 51/51 MP: 6/6
  3893 | D:4      | Reached skill level 8 in Unarmed Combat
  3893 | D:4      | Your scales start taking on a golden yellow colour.
  3893 | D:4      | Reached XP level 7. HP: 37/57 MP: 7/7
  3893 | D:4      | Gained mutation: You are resistant to acid. (rCorr) [Yellow
                  | Draconian growth]
  4160 | D:4      | Found an opulent altar of Gozag.
  4203 | D:4      | Found a glowing silver altar of Zin.
  4295 | D:4      | Found Otacritz's Neck Hole.
  4383 | D:5      | Entered Level 5 of the Dungeon
  4441 | D:5      | Noticed Grinder
  4457 | D:5      | Paralysed by Grinder for 7 turns
  4470 | D:4      | Paralysed by Grinder for 7 turns
  4752 | D:4      | Became a worshipper of Gozag Ym Sagoz the Greedy
  5001 | D:5      | Reached skill level 9 in Unarmed Combat
  5307 | D:5      | Found an ornate altar of the Wu Jian Council.
  5344 | D:5      | Found a staircase to the Ecumenical Temple.
  5401 | Temple   | Entered the Ecumenical Temple
  5933 | D:6      | Reached XP level 8. HP: 54/63 MP: 8/8
  6031 | D:6      | Reached skill level 10 in Unarmed Combat
  6250 | D:6      | Found a sacrificial altar of Ru.
  6441 | D:6      | Found an ancient bone altar of Kikubaaqudgha.
  6696 | D:7      | Noticed a cyclops
  6724 | D:7      | Killed a cyclops
  6725 | D:7      | Reached skill level 11 in Unarmed Combat
  7003 | D:7      | Reached XP level 9. HP: 63/72 MP: 9/9
  7152 | D:7      | Reached skill level 5 in Fighting
  8008 | D:7      | Blown up by an orc wizard

Illustrated notes

Levels and vault maps discovered:
D:1:      mainiacjoe_arrival_reflecting_pool, layout_basic, serial_curves,
          eino_curves_02, eino_curves_02, minivault_23
D:2:      layout_rooms, basic_ecumenical_altar, grunt_ministairs_8,
          chequers_avenue, grunt_decor_arrowhead, grunt_decor_junction,
          minmay_octomino_j4
D:3:      layout_loops_ring, cheibrodos_ashenzari_chains, serial_glass,
          glass_columns_a, glass_columns_c, glass_columns_c, glass_columns_c,
          due_unseen_surprise, feat_on_display, guppyfry_early_orc_mine
D:4:      layout_basic, pdpol_temple_overflow_zin_treasury_gozag_greed,
          nicolae_shop_sticking_my_neck_out
D:5:      layout_basic, nicolae_wu_jian_immortal_techniques,
          minmay_temple_entry_trees, minmay_fountain_box, uniq_grinder
D:6:      layout_cave_pools, kiku_gazebo_garden_becter,
          mainiacjoe_overflow_paths
D:7:      layout_basic
Temple:   dshaligram_water_room_temple

Skill      XL: |  1  2  3  4  5  6  7  8  9 |
---------------+----------------------------+-----
Throwing       | 1 |  1.0
Unarmed Combat | 4 5 7 8 9 11 | 11.9
Dodging        | 3 4 |  4.5
Fighting       | 4 5 |  5.4
Stealth        | |  1.7

Action                   |  1- 3 |  4- 6 |  7- 9 || total
-------------------------+-------+-------+-------++-------
Melee: Unarmed           |   132 |    92 |   188 ||   412
       Tailslap          |    10 |    12 |    21 ||    43
       Punch             |     2 |     2 |     4 ||     8
Throw: Dart              |       |    11 |    35 ||    46
 Abil: Breathe Acid      |       |       |     6 ||     6
  Use: Scroll            |       |     7 |     4 ||    11
       Potion            |       |       |     1 ||     1
 Stab: Sleeping          |     4 |     1 |     2 ||     7
       Distracted        |       |       |     1 ||     1
Armor: Skin              |    56 |    18 |    58 ||   132
Dodge: Dodged            |    91 |    33 |   117 ||   241
